 Dungeon Sprint DCSS version 0.31.0-7-gf635a9b802 (webtiles) character file.

Game seed: 2976464411148725487

98 DiggyJ the Changeling (level 4, -3/32 HPs)
             Began as a Merfolk Shapeshifter on Jan 23, 2024.
             Was an Initiate of Cheibriados.
             Slain by a gargoyle
             ... wielding a +0 morningstar
              (7 damage)
             ... in the Dungeon (Sprint IX: "|||||||||||||||||||||||||||||").
             The game lasted 00:01:26 (185 turns).

DiggyJ the Changeling (Merfolk Shapeshifter)         Turns: 185, Time: 00:01:27

Health: -3/32      AC: 11    Str: 17    XL:     4   Next: 71%
Magic:  4/4        EV: 11    Int: 10    God:    Cheibriados [......]
Gold:   0          SH:  0    Dex: 14    Spells: 3/3 levels left

rFire   . .          .
                       - Unarmed
rCold   . . .        (no shield)
rNeg    . . .        q - +1 scale mail
rPois   .            p - melded +0 helmet
rElec   .            (cloak currently unavailable)
rCorr   .            (gloves currently unavailable)
SInv    .            (boots currently unavailable)
Will    .....        (no amulet) Stlth
                     m - +2 ring of protection
HPRegen 0.25/turn    n - +2 ring of protection
MPRegen 0.09/turn

%: no teleportation
@: beast-form, very slow
A: beast (slay +4), (nimble swimmer 2), mertail
a: Begin Untransformation, Renounce Religion


You were in the Dungeon.
You worshipped Cheibriados.
Cheibriados was noncommittal.
You were a hulking beast.
You visited 1 branch

Inventory:

Hand Weapons
 o - a +2 halberd of protection
Armour
 a - a +0 animal skin
 p - a +0 helmet (melded)
 q - a +1 scale mail (worn)
Jewellery
 m - a +2 ring of protection (left hand)
 n - a +2 ring of protection (right hand)
Talismans
 c - a beast talisman (active)
 d - a flux talisman
Wands
 l - a wand of roots (10)
Scrolls
 j - 2 scrolls of blinking
 k - 2 scrolls of amnesia
Potions
 b - a potion of lignification
 e - 5 potions of curing
 f - 3 potions of heal wounds
 g - a potion of haste
 h - 4 potions of magic
 i - a potion of invisibility


   Skills:
 + Level 1.5 Fighting
 + Level 4.2 Dodging
 + Level 7.5 Unarmed Combat
 + Level 7.9 Shapeshifting


You had 3 spell levels left.
You didn't know any spells.
Your spell library was empty.

Dungeon Overview and Level Annotations

Branches:
Dungeon (1/1)

Altars:
Cheibriados
Dithmenos
Elyvilon
Fedhas
Gozag
Hepliaklqana
Kikubaaqudgha
Makhleb
Nemelex Xobeh
Okawaru
Qazlal
Ru
Sif Muna
Trog
Uskayaw
Vehumet
Wu Jian
Xom
Yredelemnul
Zin
The Shining One
Jiyva
Lugonu


Innate Abilities, Weirdness & Mutations

You are a hulking beast.
Your limbs bulge with bestial killing power. (Slay +4)
((You are very nimble when in or above water. (Stealth+, EV+, Speed+++)))
Your lower body shifts to a powerful aquatic tail in water.


Message History

n - a +2 ring of protection (right hand)
You begin transforming.
You continue transforming. x3
You turn into a hulking beast.
Your +0 helmet melds into your body.
You see here a +0 helmet.
Items here: ))))).
There is an open door here.
Items here: ))))).
You see here a +0 helmet.
You open the door.
A yak, a two-headed ogre, an orc wizard, a killer bee and a gargoyle come into view.
The yak bellows!
The two-headed ogre shouts in stereo!
The orc wizard shouts!
The killer bee buzzes angrily.
The gargoyle hurls a stone arrow at you.
The stone arrow misses you.
The orc wizard gestures wildly while chanting.
The orc wizard flickers and vanishes!
Deactivating autopickup; reactivate with Ctrl-A.
The gargoyle hits you with a +0 morningstar!
The gargoyle barely misses you.
There is an open door to the Dungeon here.
Unknown command.
Unknown command.
You hit the gargoyle but do no damage. You hit the gargoyle but do no damage.
The gargoyle barely misses you.
Unknown command.
You completely miss the gargoyle.
The gargoyle hurls a stone arrow at you.
The stone arrow misses you.
Unknown command.
You hit the gargoyle.
The gargoyle is lightly damaged.
The gargoyle hits you with a +0 morningstar!!
Ouch! That really hurt!
* * * LOW HITPOINT WARNING * * *
Unknown command.
You barely miss the gargoyle.
You punch the gargoyle, but do no damage.
The gargoyle is lightly damaged.
The gargoyle hits you with a +0 morningstar!
You die... ▓▓▓▓▓▓▓▓▓▓▓▓▓▓▓▓▓▓▓▓▓▓▓▓ +.Y.yO9h....[.)..'______ ▓▓▓▓▓▓▓▓▓▓▓▓▓▓▓▓▓▓▓▓▓▓▓▓

You could see a two-headed ogre, a yak, a gargoyle and a killer bee.

Vanquished Creatures
  2 hounds (D)
  An orc wizard (D)
  A shadow imp (D)
  A ribbon worm (D)
  An endoplasm (D)
  A goblin (D)
  A bat (D)
  A frilled lizard (D)
  A rat (D)
10 creatures vanquished.

Notes
Turn   | Place    | Note
-------+----------+-------------------------------------------
     0 | D        | DiggyJ the Merfolk Shapeshifter began the quest for the
                  | Orb.
     0 | D        | Reached XP level 1. HP: 15/15 MP: 1/1
    54 | D        | Noticed a hound
    54 | D        | Noticed an orc wizard
    54 | D        | Noticed a hound
    62 | D        | Killed a hound
    63 | D        | Reached skill level 5 in Unarmed Combat
    63 | D        | Reached XP level 2. HP: 14/21 MP: 2/2
    63 | D        | Reached XP level 3. HP: 18/26 MP: 3/3
    67 | D        | Reached XP level 4. HP: 23/32 MP: 4/4
    81 | D        | Found a snail-covered altar of Cheibriados.
    81 | D        | Found a shadowy altar of Dithmenos.
    81 | D        | Found a white marble altar of Elyvilon.
    81 | D        | Found a blossoming altar of Fedhas.
    81 | D        | Found an opulent altar of Gozag.
    82 | D        | Found a hazy altar of Hepliaklqana.
    83 | D        | Found a viscous altar of Jiyva.
    84 | D        | Found an ancient bone altar of Kikubaaqudgha.
    85 | D        | Became a worshipper of Cheibriados the Contemplative
    86 | D        | Found a corrupted altar of Lugonu.
    87 | D        | Found a burning altar of Makhleb.
    88 | D        | Found a sparkling altar of Nemelex Xobeh.
    89 | D        | Found an iron altar of Okawaru.
    90 | D        | Found a stormy altar of Qazlal.
    91 | D        | Found a sacrificial altar of Ru.
    92 | D        | Found a shimmering blue altar of Sif Muna.
    93 | D        | Found a bloodstained altar of Trog.
    94 | D        | Found a hide-covered altar of Uskayaw.
    95 | D        | Found a radiant altar of Vehumet.
    96 | D        | Found an ornate altar of the Wu Jian Council.
    97 | D        | Found a shimmering altar of Xom.
    98 | D        | Found a basalt altar of Yredelemnul.
    99 | D        | Found a glowing silver altar of Zin.
   100 | D        | Found a glowing golden altar of the Shining One.
   179 | D        | Noticed a yak
   179 | D        | Noticed a two-headed ogre
   179 | D        | Noticed a gargoyle
   185 | D        | Slain by a gargoyle

Illustrated notes

Levels and vault maps discovered:
D:        linesprint [early_d, line_temple, items_1, d_10, items_2, lair_1,
          lair_end, items_3, orc_1, orc_end, items_4, d_15, swamp_1, shoals_1,
          snake_1, spider_1, d_20, vaults_1, items_5, swamp_end, shoals_end,
          snake_end, spider_end, vaults_end, d_27, items_6, zot_1, zot_end,
          crypt_end, forest_end, elf_end, slime_end, tomb_end, abyss_end,
          pan_hell_end]

Skill      XL: |  1  2  3  4 |
---------------+-------------+-----
Unarmed Combat | 5 6 7 |  7.5
Dodging        | 3 4 |  4.2
Shapeshifting  | 6 7 |  7.9
Fighting       | |  1.5

Action                     |  1- 3 |  4- 6 || total
---------------------------+-------+-------++-------
  Melee: Unarmed           |    24 |    11 ||    35
         Punch             |       |     1 ||     1
    Use: Potion            |     1 |       ||     1
 Armour: Animal skin       |     8 |     2 ||    10
         Scale mail        |       |     3 ||     3
  Dodge: Dodged            |    11 |     7 ||    18
   Form: Beast             |     1 |     1 ||     2
                           |       |     1 ||     1
